 Dungeon Crawl Stone Soup version 0.31-a0-620-gd1cbd99268 (webtiles) character file.

Game seed: 7176876629482123717

1997 kae the Mimic (level 9, -1/60 HPs)
             Began as a Black Draconian Shapeshifter on Aug 23, 2023.
             Was a Follower of Ru.
             Killed by vampiric draining
             ... invoked by a vampire
              (13 damage)
             ... on level 6 of the Dungeon.
             The game lasted 00:06:48 (4457 turns).

kae the Mimic (Black Draconian Shapeshifter)        Turns: 4457, Time: 00:06:49

Health: -1/60      AC:  7    Str: 19    XL:     9   Next: 2%
Magic:  0/9        EV: 12    Int:  8    God:    Ru [*.....]
Gold:   181        SH:  0    Dex: 15    Spells: 8/8 levels left

rFire   . .          .
                       - Unarmed
rCold   . . .        (no shield)
rNeg    . . .        (body armour unavailable)
rPois   .            (helmet restricted)
rElec   +            (no cloak)
rCorr   .            (no gloves)
SInv    .            (no boots)
Will    .....        G - amulet of guardian spirit
Stlth   +            (no ring)
HPRegen 0.30/turn    (no ring)
MPRegen 0.11/turn

%: guardian spirit
@: confused, maw-form
A: devouring maw, reduced hp, breathe lightning, AC +7, unfitting armour,
electricity resistance, cold-blooded, hated by all
a: Breathe Lightning, Begin Untransformation, Renounce Religion


You were on level 6 of the Dungeon.
You worshipped Ru.
Ru was aware of your devotion.
You were a creature with a mouth for a stomach.
You visited 1 branch of the dungeon, and saw 6 of its levels.

You collected 181 gold pieces.


Innate Abilities, Weirdness & Mutations

You are a creature with a mouth for a stomach.
Your midsection houses a second, enormous mouth.
Your maximum health is decreased, since you lack skill for your form.
You can breathe wild blasts of lightning.
Your glossy black scales are hard. (AC +7)
You cannot fit into any form of body armour.
You are resistant to electric shocks. (rElec)
You are cold-blooded and may be slowed by cold attacks.
You are hated by all.


   Skills:
 - Level 1.1 Fighting
 - Level 1.7 Dodging
 + Level 7.4 Unarmed Combat
 * Level 9.3 Shapeshifting


You had 8 spell levels left.
You didn't know any spells.
Your spell library contained the following spells:

 Spells                   Type           Power      Damage    Failure   Level
 Apportation              Tloc           0%         N/A       41%         1
 Shock                    Conj/Air       0%         1d3       41%         1
 Swiftness                Air            0%         N/A       78%         3
 Airstrike                Air            0%         2d(0-16)  99%         4
 Alistair's Intoxication  Tmut/Pois      0%         N/A       100%        5

Inventory:

Missiles
 d - 51 stones
 e - 7 javelins
 l - 5 boomerangs
 q - 5 throwing nets {=f!f}
 x - 6 poisoned darts
Magical Staves
 f - a staff of fire {!a}
   (You found it on level 4 of the Dungeon)
 t - a staff of earth {!a}
   (You found it on level 2 of the Dungeon)
Jewellery
 c - a ring of ice
   (You found it on level 4 of the Dungeon)
 i - an amulet of reflection
   (You found it on level 1 of the Dungeon)
 C - a ring of ice
   (You found it on level 2 of the Dungeon)
 G - an amulet of guardian spirit (around neck)
   (You found it on level 1 of the Dungeon)
Talismans
 b - a beast talisman
 v - a flux talisman
 w - a maw talisman (active)
   (You found it on level 4 of the Dungeon)
Wands
 p - a wand of polymorph (2)
   (You found it on level 2 of the Dungeon)
Scrolls
 k - a scroll of poison {!r}
 m - a scroll of enchant weapon
 y - a scroll of amnesia {unknown}
Potions
 a - a potion of lignification {!q}
 g - 2 potions of degeneration {!q}
 h - 2 potions of enlightenment
 j - 4 potions of magic
 n - 3 potions of curing {@q1}
 o - 2 potions of attraction {unknown}
 r - a potion of brilliance
 s - 3 potions of heal wounds {@q2}
 u - 2 potions of might {unknown}
 z - a potion of berserk rage {unknown}

Dungeon Overview and Level Annotations

Branches:
Dungeon (6/15) Zot: 26581
 Temple: D:4-7

Altars:
Elyvilon
Nemelex Xobeh
Ru
Uskayaw
Zin

Annotations:
D:4 Edmund
D:6 Maggie

#.# #..... . #.....
...####.#...
............
##################......
....................##..
.#...#...#...#...#..###.
...................## #.
.#...#.WV#...#...### ##
..................#
###################


You could see a vampire.


Message History

You completely miss the vampire. Your bite misses the vampire.
The vampire casts a spell at you.
You are confused.
You are too confused!
You closely miss the vampire. You bite the vampire.
The vampire hits you but does no damage.
The vampire bites you.
The vampire draws strength from your injuries! 😕 HP[-1]
You take 1 damage, and now have 49/60 hp.
You miss the vampire. You punch the vampire.
The vampire begins to cast a spell, but is stunned by your conviction!
Unknown command.
The vampire closely misses you.
The vampire bites you but does no damage. 😕 HP[+1] Unknown command.
The vampire hits you.
The vampire closely misses you. 😮 HP[-6]
You take 6 damage, and now have 44/60 hp.
Unknown command.
You hit the vampire but do no damage.
You feel less confused. The vampire hits you!
The vampire closely misses you. 😮 HP[-6] MP[-1]
You take 6 damage, and now have 38/60 hp.
You lost 1 mp, and now have 7/9 mp.
You hit the vampire but do no damage.
You tail-slap the vampire, but do no damage.
The vampire hits you!
* * * LOW HITPOINT WARNING * * *
The vampire closely misses you. 😨 HP[-8] MP[-2]
You take 8 damage, and now have 30/60 hp.
You lost 2 mp, and now have 5/9 mp.
Unknown command.
You punch the vampire!
You bite the vampire. 😨 MP[+1] Unknown command.
You closely miss the vampire. The vampire closely misses you.
The vampire bites you.
* * * LOW HITPOINT WARNING * * *
The vampire draws strength from your injuries! 😨 HP[-1]
You take 1 damage, and now have 29/60 hp.
You hit the vampire. Your bite misses the vampire. The vampire misses you.
The vampire bites you.
* * * LOW HITPOINT WARNING * * *
The vampire draws strength from your injuries! 😨 HP[-5] MP[-1]
You take 5 damage, and now have 24/60 hp.
You lost 1 mp, and now have 5/9 mp.
Unknown command.
You barely miss the vampire.
Your tail-slap misses the vampire.
The vampire barely misses you. x2 😨 HP[+1] Unknown command.
You barely miss the vampire.
You punch the vampire, but do no damage.
Your bite misses the vampire. The vampire draws life force from you!
* * * LOW HITPOINT WARNING * * *
The vampire is healed by the life force! 😱 HP[-11] MP[-3]
You take 11 damage, and now have 14/60 hp.
You lost 3 mp, and now have 2/9 mp.
You hit the vampire but do no damage.
You tail-slap the vampire, but do no damage.
You bite the vampire, but do no damage. The vampire hits you.
* * * LOW HITPOINT WARNING * * *
The vampire bites you!
* * * LOW HITPOINT WARNING * * *
The vampire draws strength from your injuries! 😱 HP[-8] MP[-1]
You take 8 damage, and now have 6/60 hp.
You lost 1 mp, and now have 1/9 mp.
Unknown command.
You hit the vampire. You bite the vampire. The vampire completely misses you.
The vampire bites you.
* * * LOW HITPOINT WARNING * * *
The vampire draws strength from your injuries! 😱 HP[-4] MP[-1]
You take 4 damage, and now have 2/60 hp.
You lost 1 mp, and now have 0/9 mp.
Unknown command.
You punch the vampire! 😱 HP[+1] Unknown command.
You feel much better.
The vampire points at you and mumbles some strange words.
You are confused. 😨 HP[+19]
You regained 19 hp, and now have 22/60 hp.
You punch the vampire! Your bite misses the vampire.
The vampire draws life force from you!
* * * LOW HITPOINT WARNING * * *
The vampire is healed by the life force! 😱 HP[-11]
You take 11 damage, and now have 11/60 hp.
The vampire draws life force from you!
You die...

Skill      XL: |  1  2  3  4  5  6  7  8 |
---------------+-------------------------+-----
Shapeshifting  | 4 5 6 7 9 |  9.3
Unarmed Combat | 4 5 6 7 |  7.4
Fighting       | |  1.1
Dodging        | |  1.7

Action                     |  1- 3 |  4- 6 |  7- 9 || total
---------------------------+-------+-------+-------++-------
  Melee: Unarmed           |    85 |   202 |   101 ||   388
         Tailslap          |     4 |    17 |    18 ||    39
         Punch             |     1 |     3 |     2 ||     6
         Maw               |       |       |    21 ||    21
 Invoke: Sacrifice Love    |       |       |     1 ||     1
Ability: Breathe Lightning |       |       |     3 ||     3
    Use: Scroll            |     4 |     9 |     4 ||    17
         Potion            |       |       |     1 ||     1
   Stab: Sleeping          |     1 |     2 |       ||     3
         Paralysed         |       |     2 |       ||     2
         Invisible         |       |     1 |       ||     1
 Armour: Skin              |    23 |    40 |    18 ||    81
  Dodge: Dodged            |    50 |   105 |    50 ||   205
  Block: Other             |     1 |       |       ||     1
   Form: Maw               |       |     1 |     1 ||     2
         Flux              |       |     1 |       ||     1

Levels and vault maps discovered:
D:1:      zaba_arrival_water, layout_loops_ring, nicolae_figureground_sparkle
D:2:      layout_rooms, basic_altar, uniq_jessica
D:3:      cheibrodos_greedy_goblins, layout_rooms,
          nicolae_ru_great_annihilating_truth, uniq_terence
D:4:      layout_basic, nemelex_spade_bored_becter, kennysheep_mini,
          mainiacjoe_overflow_catwalk_spiral, uniq_edmund
D:5:      layout_rooms, serial_bayou_pond_c
D:6:      layout_rooms, lemuel_coloured_pillars_altar,
          mainiacjoe_overflow_catwalk, led_sif_book, uniq_crazy_yiuf_cottage,
          uniq_maggie, uniq_prince_ribbit1

Notes
Turn   | Place    | Note
-------+----------+-------------------------------------------
     0 | D:1      | kae the Draconian Shapeshifter began the quest for the Orb.
     0 | D:1      | Reached XP level 1. HP: 16/16 MP: 1/1
     0 | D:1      | magus.rc [v1.11.3]
    82 | D:1      | Reached XP level 2. HP: 19/23 MP: 2/2
   417 | D:1      | Reached XP level 3. HP: 28/28 MP: 3/3
   841 | D:2      | Reached skill level 4 in Shapeshifting
   841 | D:2      | Noticed Jessica
   844 | D:2      | Killed Jessica
   845 | D:2      | Reached XP level 4. HP: 34/35 MP: 4/4
   916 | D:2      | You pick up a book of Air and begin reading...
   916 | D:2      | You add the spells Shock, Swiftness and Airstrike to your
                  | library.
   926 | D:2      | Found a hide-covered altar of Uskayaw.
   978 | D:2      | You fall into a shaft and drop 1 floor!
  1002 | D:3      | Found a sacrificial altar of Ru.
  1011 | D:3      | Reached skill level 4 in Unarmed Combat
  1022 | D:3      | Became a worshipper of Ru the Awakened
  1147 | D:3      | Reached XP level 5. HP: 30/40 MP: 3/5
  1156 | D:3      | HP: 7/40 [orc/+0 trident (5)]
  1157 | D:3      | HP: 2/40 [orc/+0 trident (5)]
  1212 | D:3      | Reached skill level 5 in Shapeshifting
  1984 | D:3      | Noticed Terence
  1995 | D:3      | Killed Terence
  2218 | D:4      | Found a hazy altar of Hepliaklqana.
  2250 | D:4      | Found a hide-covered altar of Uskayaw.
  2275 | D:4      | Found a sparkling altar of Nemelex Xobeh.
  2291 | D:4      | Noticed Edmund
  2392 | D:4      | Reached XP level 6. HP: 26/47 MP: 2/6
  2690 | D:4      | Found a white marble altar of Elyvilon.
  3015 | D:4      | You pick up a book of Party Tricks and begin reading...
  3015 | D:4      | You add the spells Apportation and Alistair's Intoxication
                  | to your library.
  3095 | D:5      | Entered Level 5 of the Dungeon
  3148 | D:5      | Noticed an ice beast
  3219 | D:5      | Killed an ice beast
  3220 | D:5      | Reached skill level 5 in Unarmed Combat
  3220 | D:5      | Reached skill level 6 in Shapeshifting
  3349 | D:5      | Your scales start taking on a glossy black colour.
  3349 | D:5      | Reached XP level 7. HP: 37/52 MP: 7/7
  3349 | D:5      | Gained mutation: You are resistant to electric shocks.
                  | (rElec) [Black Draconian growth]
  3690 | D:5      | Reached skill level 7 in Shapeshifting
  4089 | D:6      | Noticed Maggie
  4140 | D:6      | Noticed a yak
  4140 | D:6      | Noticed a yak
  4140 | D:6      | Noticed a yak
  4142 | D:6      | Noticed a yak
  4173 | D:6      | Noticed a yak
  4174 | D:6      | Noticed a yak
  4175 | D:6      | Killed a yak
  4176 | D:6      | Reached skill level 6 in Unarmed Combat
  4176 | D:6      | Reached XP level 8. HP: 45/59 MP: 5/8
  4211 | D:5      | Reached skill level 8 in Shapeshifting
  4228 | D:6      | Reached skill level 7 in Unarmed Combat
  4233 | D:6      | Reached skill level 9 in Shapeshifting
  4337 | D:6      | Gained mutation: You are hated by all. [Ru sacrifice]
  4337 | D:6      | Reached * piety under Ru
  4344 | D:6      | Found a glowing silver altar of Zin.
  4367 | D:6      | Reached XP level 9. HP: 60/64 MP: 9/9
  4451 | D:6      | HP: 14/60 [vampire/vampiric draining (11)]
  4452 | D:6      | HP: 6/60 [vampire (7)]
  4453 | D:6      | HP: 2/60 [vampire (4)]
  4457 | D:6      | Killed from afar by a vampire

Vanquished Creatures
  A shadow (D:6)
  6 yaks
  An ice beast (D:5)
  2 ogres (D:5)
  A bullfrog (D:4)
  2 scorpions
  A howler monkey (D:5)
  3 hounds
  An orc priest (D:3)
  Jessica (D:2)
  An iguana (D:5)
  An orc wizard (D:3)
  Terence (D:3)
  10 gnolls
  8 adders
  2 worms (D:3)
  A dart slug (D:3)
  16 orcs
  4 bats
  11 endoplasms
  3 giant cockroaches
  13 goblins
  14 hobgoblins
  A jackal (D:3)
  6 quokkas
  9 ball pythons
  3 frilled lizards
  13 kobolds
  3 rats
139 creatures vanquished.

Table legend:
 A = Non-vault XP
 B = Vault XP
 C = Vault XP percentage of total XP
 D = Non-vault monster count
 E = Vault monster count
 F = Vault count percentage of total count
                 A         B        C        D         E       F
            +---------+---------+-------+---------+---------+-------
      Total |    2718 |     135 |   4.7 |     120 |      19 |  13.7
            +---------+---------+-------+---------+---------+-------
        D:1 |      47 |       0 |   0.0 |      27 |       0 |   0.0
        D:2 |      57 |      37 |  39.4 |      19 |       1 |   5.0
        D:3 |     116 |      98 |  45.8 |      27 |      18 |  40.0
        D:4 |     175 |       0 |   0.0 |      13 |       0 |   0.0
        D:5 |     906 |       0 |   0.0 |      20 |       0 |   0.0
        D:6 |    1417 |       0 |   0.0 |      14 |       0 |   0.0
            +---------+---------+-------+---------+---------+-------

Skill      XL: |  1  2  3  4  5  6  7  8 |
---------------+-------------------------+-----
Shapeshifting  | 4 5 6 7 9 |  9.3
Unarmed Combat | 4 5 6 7 |  7.4
Fighting       | |  1.1
Dodging        | |  1.7

Action                     |  1- 3 |  4- 6 |  7- 9 || total
---------------------------+-------+-------+-------++-------
  Melee: Unarmed           |    85 |   202 |   101 ||   388
         Tailslap          |     4 |    17 |    18 ||    39
         Punch             |     1 |     3 |     2 ||     6
         Maw               |       |       |    21 ||    21
 Invoke: Sacrifice Love    |       |       |     1 ||     1
Ability: Breathe Lightning |       |       |     3 ||     3
    Use: Scroll            |     4 |     9 |     4 ||    17
         Potion            |       |       |     1 ||     1
   Stab: Sleeping          |     1 |     2 |       ||     3
         Paralysed         |       |     2 |       ||     2
         Invisible         |       |     1 |       ||     1
 Armour: Skin              |    23 |    40 |    18 ||    81
  Dodge: Dodged            |    50 |   105 |    50 ||   205
  Block: Other             |     1 |       |       ||     1
   Form: Maw               |       |     1 |     1 ||     2
         Flux              |       |     1 |       ||     1

Illustrated notes

Table legend:
 A = Kills in this place as a percentage of kills in the entire game.
 B = Kills by you in this place as a percentage of kills by you in the entire game.
 C = Kills by friends in this place as a percentage of kills by friends in the entire game.
 D = Other kills in this place as a percentage of other kills in the entire game.
 E = Experience gained in this place as a percentage of experience gained in the entire game.
 F = Experience gained in this place divided by the number of levels of this place that you have seen.
                   A       B       C       D       E      F
               +-------+-------+-------+-------+-------+----------------------
         Total | 100.0 | 100.0 |   N/A |   N/A | 100.0 | 475.5
       Dungeon | 100.0 | 100.0 |   N/A |   N/A | 100.0 | 475.5
               +-------+-------+-------+-------+-------+----------------------

Table legend: (Time is in decaauts)
 A = Elapsed time spent in this place.
 B = Non-inter-level travel time spent in this place.
 C = Inter-level travel time spent in this place.
 D = Time resting spent in this place.
 E = Time spent auto-exploring this place.
 F = Levels seen in this place.
 G = Mean time per level.
                   A        B        C        D        E       F      G
               +--------+--------+--------+--------+--------+-----+--------+
         Total |   4446 |   4319 |    127 |    548 |   2772 |   6 |  741.0 |
       Dungeon |   4446 |   4319 |    127 |    548 |   2772 |   6 |  741.0 |
               +--------+--------+--------+--------+--------+-----+--------+

Top non-repeatable levels by time:
     D:4: 990 daAuts
     D:3: 901 daAuts
     D:5: 880 daAuts
     D:1: 742 daAuts
     D:2: 585 daAuts
     D:6: 345 daAuts
